Map: Triton LE

Players

PtitDrogo

  • Race: Protoss Protoss
  • League: Master
  • Spawn Location: 11:00

GOReynor (Reynor) - Winner!

  • Race: Zerg Zerg
  • League: Master
  • Spawn Location: 5:00

Event: NationWars 2019

VOD

Have the link to the VOD?

Description

Time

  • Played on: Oct. 10, 2019, 4:03 p.m.
  • Length: 9:52

All games in this series

Show
View Real Time Build Order
Export as new Build Order

PtitDrogo Protoss 

Build Orders: 1 Gate Expand, Oracle Opening, Archon Immortal 

Get SALT Encoding   

  12  0:00  Probe  
  13  0:12  Probe  
  14  0:20  Pylon  
  14  0:25  Probe  
  15  0:32  Assimilator  
  15  0:38  Probe (Chrono Boost)  
  16  0:44  Gateway  
  16  0:47  Probe (Chrono Boost)  
  17  0:52  Probe (Chrono Boost)  
  18  1:04  Probe  
  19  1:16  Probe  
  20  1:23  Nexus  
  20  1:32  Cybernetics Core  
  20  1:35  Probe  
  21  1:41  Assimilator  
  21  1:50  Zealot (Chrono Boost)  
  23  1:55  Probe  
  23  1:57  Pylon  
  23  2:15  Adept (Chrono Boost), Probe  
  26  2:18  Stargate  
  26  2:27  Warp Gate  
  26  2:28  Probe (Chrono Boost)  
  27  2:37  Probe (Chrono Boost)  
  27  2:38  Adept  
  31  2:45  Probe (Chrono Boost)  
  31  2:47  Probe (Chrono Boost)  
  32  2:52  Probe (Chrono Boost)  
  32  2:53  Probe  
  34  2:59  Oracle (Chrono Boost)  
  34  3:03  Probe  
  39  3:05  Probe  
  39  3:20  Probe, Gateway  
  39  3:21  Gateway  
  39  3:26  Shield Battery  
  40  3:27  Pylon  
  40  3:31  Oracle (Chrono Boost)  
  40  3:37  Probe  
  40  3:38  Probe  
  45  3:46  Pylon  
  45  3:49  Probe  
  45  3:51  Probe  
  47  4:00  Pylon  
  47  4:02  Oracle (Chrono Boost), Probe  
  48  4:03  Probe  
  52  4:14  Probe  
  52  4:15  Probe  
  54  4:26  Probe  
  54  4:27  Probe  
  53  4:34  Nexus  
  53  4:36  Pylon  
  53  4:38  Probe  
  54  4:39  Probe  
  54  4:41  Assimilator  
  54  4:43  Assimilator  
  55  4:46  Robotics Facility  
  55  4:48  Pylon  
  55  4:50  Probe  
  55  4:52  Probe  
  56  4:57  Sentry x2  
  60  5:02  Probe  
  60  5:04  Probe, Forge  
  62  5:08  Twilight Council  
  62  5:10  Gateway  
  62  5:15  Probe (Chrono Boost)  
  62  5:16  Probe (Chrono Boost)  
  66  5:28  Probe (Chrono Boost)  
  66  5:32  Probe (Chrono Boost)  
  66  5:33  Protoss Ground Weapons Level 1 (Chrono Boost), Observer (Chrono Boost)  
  66  5:35  Probe (Chrono Boost)  
  68  5:39  Pylon, Probe (Chrono Boost)  
  68  5:42  Zealot  
  70  5:43  Charge (Chrono Boost)  
  70  5:45  Probe (Chrono Boost)  
  70  5:46  Probe (Chrono Boost)  
  72  5:50  Immortal (Chrono Boost)  
  72  5:56  Probe (Chrono Boost)  
  78  5:59  Probe (Chrono Boost)  
  78  6:00  Probe (Chrono Boost)  
  78  6:03  Probe (Chrono Boost)  
  80  6:07  Probe  
  80  6:08  Probe  
  82  6:14  Templar Archives, Gateway  
  82  6:15  Probe, Gateway  
  82  6:16  Assimilator  
  82  6:17  Pylon  
  83  6:18  Pylon  
  83  6:19  Probe, Assimilator  
  83  6:23  Immortal (Chrono Boost)  
  88  6:28  Shield Battery  
  88  6:30  Shield Battery  
  88  6:31  Shield Battery  
  88  6:32  Gateway  
  88  6:37  Probe  
  89  6:40  Probe, Assimilator  
  89  6:41  Probe  
  89  6:44  Assimilator  
  89  6:45  Pylon  
  91  6:47  Gateway  
  91  6:49  Probe  
  91  6:52  Probe  
  91  6:53  Probe  
  93  6:57  Immortal (Chrono Boost)  
  93  6:58  Pylon  
  93  7:01  Probe  
  98  7:05  Gateway  
  98  7:06  Gateway  
  98  7:22  High Templar x3  
  104  7:25  Photon Cannon  
  104  7:27  Shield Battery  
  104  7:28  High Templar, Archon  
  108  7:31  Shield Battery  
  108  7:35  Pylon  
  110  7:37  Pylon  
  110  7:38  Archon  
  110  7:40  Psionic Storm  
  110  7:42  Zealot x4  
  118  7:56  Zealot x3  
  106  8:02  Zealot x5  
  106  8:03  Zealot  
  106  8:04  Immortal (Chrono Boost)  
  92  8:06  Probe x2  
  92  8:10  Probe  
  79  8:14  Zealot  
  79  8:17  Zealot x2  
  77  8:24  Zealot  
  77  8:26  Zealot x2  
  72  8:31  Zealot x2  
  72  8:32  High Templar x2  
Show
View Real Time Build Order
Export as new Build Order

GOReynor Zerg - Winner!

Build Orders: Pool First 

Get SALT Encoding   

  12  0:00  Drone  
  13  0:12  Overlord  
  13  0:16  Drone  
  14  0:30  Drone x2  
  14  0:34  Drone  
  17  0:44  Extractor  
  17  0:47  Spawning Pool  
  17  0:48  Drone  
  16  0:55  Drone  
  17  1:13  Hatchery  
  17  1:16  Drone  
  17  1:20  Drone  
  18  1:34  Zergling x2, Queen  
  21  1:41  Overlord  
  21  1:49  Drone  
  22  1:56  Metabolic Boost  
  22  1:59  Drone  
  23  2:10  Drone, Queen  
  26  2:29  Hatchery  
  25  2:32  Drone  
  25  2:36  Drone  
  27  2:43  Zergling x2  
  27  2:44  Zergling x2  
  29  2:47  Zergling x2  
  29  2:49  Zergling x2  
  31  2:54  Overlord  
  31  2:57  Drone  
  32  2:59  Drone  
  32  3:02  Drone  
  34  3:05  Drone  
  34  3:10  Drone  
  34  3:11  Queen  
  38  3:15  Spore Crawler  
  38  3:19  Drone x2  
  38  3:21  Drone  
  38  3:25  Drone  
  38  3:26  Drone  
  41  3:32  Overlord  
  41  3:34  Drone  
  42  3:42  Drone x3  
  42  3:47  Spore Crawler  
  44  3:49  Drone  
  44  3:50  Drone x2  
  44  3:52  Spore Crawler  
  44  3:53  Drone  
  44  3:54  Drone  
  48  3:59  Lair  
  48  4:01  Drone  
  49  4:03  Drone  
  49  4:04  Drone  
  49  4:08  Queen  
  53  4:12  Drone x2  
  53  4:15  Overlord  
  54  4:17  Drone  
  54  4:21  Drone x2  
  54  4:24  Overlord  
  57  4:27  Overlord  
  57  4:30  Drone x2  
  57  4:37  Roach Warren, Drone x3  
  59  4:42  Extractor x2  
  59  4:45  Drone x4  
  61  4:47  Queen  
  63  4:55  Drone x4  
  63  4:58  Drone x2  
  69  5:01  Overseer x2  
  69  5:05  Overlord  
  69  5:07  Drone x2  
  71  5:08  Drone x2  
  71  5:10  Evolution Chamber  
  71  5:11  Drone x2  
  71  5:12  Extractor x2  
  72  5:17  Overlord  
  72  5:18  Drone x3  
  72  5:19  Overseer  
  74  5:21  Drone  
  74  5:22  Drone  
  74  5:25  Extractor  
  74  5:28  Drone, Baneling Nest  
  75  5:29  Pneumatized Carapace  
  75  5:30  Drone  
  75  5:32  Drone  
  78  5:35  Drone x2  
  78  5:40  Zerg Melee Weapons Level 1  
  79  5:43  Overlord  
  79  5:46  Drone, Hatchery  
  79  5:49  Roach x2  
  83  5:50  Glial Reconstitution  
  83  5:52  Roach  
  82  5:57  Drone x3  
  82  6:00  Roach x3  
  91  6:07  Zergling x6, Roach x2  
  91  6:10  Overlord  
  97  6:12  Roach  
  97  6:15  Roach  
  101  6:19  Zergling x2  
  101  6:21  Roach  
  101  6:22  Centrifical Hooks  
  101  6:24  Zergling x2  
  105  6:28  Overlord  
  105  6:29  Roach  
  105  6:30  Zergling x2, Roach  
  105  6:31  Queen  
  112  6:33  Overseer  
  112  6:34  Zergling x2  
  112  6:39  Overlord  
  113  6:46  Overlord  
  113  6:49  Zergling x12  
  113  6:53  Ravager x2  
  121  6:58  Zergling x8, Roach  
  127  7:02  Zergling x4, Roach x2  
  133  7:09  Overlord  
  133  7:11  Baneling x24  
  133  7:13  Zergling x8  
  135  7:17  Zergling x2, Roach x2  
  135  7:22  Roach x2  
  142  7:26  Overlord  
  142  7:28  Zergling x2, Roach  
  142  7:29  Zergling x4  
  147  7:36  Baneling x3  
  147  7:37  Baneling x3  
  147  7:38  Baneling x3  
  147  7:41  Zergling x8  
  151  7:46  Zergling x2, Roach  
  151  7:47  Zergling x8  
  154  7:56  Roach x2  
  154  7:57  Zergling x4  
  141  7:59  Zergling x6  
  141  8:01  Zergling x2  
  141  8:04  Zergling x6  
  141  8:09  Queen  
  135  8:15  Zergling x2  
  135  8:16  Zergling x12  
  140  8:20  Zergling x2, Roach x2  
  138  8:27  Zergling x4, Roach x2  
  138  8:28  Zergling x2  
  138  8:31  Ravager x2  
  138  8:32  Zergling x4  
Tags
 
Add a new tag
Caveats
  • Supply blocks, unpowered buildings, or Contaminate may cause inaccurate times.
  • Supply counts are checked every 10 seconds.